 Dungeon Crawl Stone Soup version 0.30.1-11-g7821555f0a (webtiles) character file.

Game seed: 18217539983787669085

1461 EarthwalkerPL the Covered (level 8, -5/74 HPs)
             Began as a Minotaur Fighter on Dec 13, 2023.
             Was a Believer of Okawaru.
             Killed from afar by Maggie (27 damage)
             ... with a bolt of fire
             ... on level 6 of the Dungeon.
             The game lasted 00:08:21 (4113 turns).

EarthwalkerPL the Covered (Minotaur Fighter)        Turns: 4113, Time: 00:08:22

Health: -5/74      AC: 12    Str: 22    XL:     8   Next: 48%
Magic:  7/7        EV:  8    Int: 11    God:    Okawaru [**....]
Gold:   363        SH:  5    Dex: 11    Spells: 7/7 levels left

rFire   . . .        a - +0 war axe
rCold   . . .        c - +0 buckler
rNeg    . . .        u - +0 chain mail
rPois   .            (helmet restricted)
rElec   .            (no cloak)
rCorr   .            F - +0 pair of gloves
SInv    .            (no boots)
Will    .....        n - amulet of regeneration Stlth
                     y - +6 ring of intelligence
HPRegen 1.12/turn    (no ring)
MPRegen 0.10/turn

%: no passive effects
@: mesmerised
A: horns 2, retaliatory headbutt
a: Renounce Religion, Heroism


You were on level 6 of the Dungeon.
You worshipped Okawaru.
Okawaru was pleased with you.
You visited 2 branches of the dungeon, and saw 7 of its levels.

You collected 363 gold pieces.

Inventory:

Hand Weapons
 a - a +0 war axe (weapon)
Missiles
 i - 2 boomerangs (quivered)
 p - 5 poisoned darts
 B - 5 boomerangs of dispersal
Armour
 c - a +0 buckler (worn)
 u - a +0 chain mail (worn)
 F - a +0 pair of gloves (worn)
Jewellery
 b - an amulet of the acrobat
 n - an amulet of regeneration (around neck)
 y - a +6 ring of intelligence (left hand)
 G - an amulet of reflection
Wands
 t - a wand of digging (2)
 H - a wand of acid (8)
Scrolls
 g - 8 scrolls of identify {unknown}
 j - a scroll of fog {unknown}
 k - 2 scrolls of magic mapping {unknown}
 l - a scroll of vulnerability {unknown}
 m - 2 scrolls of poison {unknown}
 o - a scroll of enchant weapon {unknown}
 q - a scroll of silence {unknown}
 r - 3 scrolls of amnesia {unknown}
 s - 2 scrolls of noise {unknown}
 v - a scroll of brand weapon {unknown}
 A - a scroll of enchant armour {unknown}
 C - a scroll of immolation {unknown}
 E - a scroll of torment {unknown}
 I - a scroll of teleportation {unknown}
Potions
 d - a potion of might
 e - 2 potions of mutation {unknown}
 f - 5 potions of resistance {unknown}
 h - 8 potions of curing
 w - 2 potions of heal wounds {unknown}
 x - 2 potions of invisibility {unknown}
 z - a potion of cancellation {unknown}
 D - a potion of attraction {unknown}


   Skills:
 * Level 7.7 Fighting
 * Level 7.1 Axes
 * Level 7.7 Armour
 + Level 5.8 Shields


You had 7 spell levels left.
You didn't know any spells.
Your spell library contained the following spells:

 Spells                   Type           Power      Damage    Failure   Level
 Necrotise                Necr           0%         1d4       92%         1
 Vampiric Draining        Necr           0%         2d6       100%        3
 Passage of Golubria      Tloc           0%         N/A       100%        4
 Agony                    Necr           0%         N/A       100%        5
 Yara's Violent Unravell  Hex/Tmut       0%         3d3       100%        5
 Tukima's Dance           Hex            Unusable   N/A       N/A         3

Dungeon Overview and Level Annotations

Branches:
Dungeon (6/15)             Temple (1/1) D:4

Altars:
Ashenzari
Cheibriados
Dithmenos
Elyvilon
Fedhas
Gozag
Hepliaklqana
Kikubaaqudgha
Makhleb
Nemelex Xobeh
Okawaru
Qazlal
Ru
Sif Muna
Trog
Uskayaw
Vehumet
Wu Jian
Xom
Yredelemnul
Zin
The Shining One

Shops:
D:3 (   D:6 [

Annotations:
D:6 Maggie


Innate Abilities, Weirdness & Mutations

You have a pair of horns on your head.
You reflexively headbutt those who attack you in melee.


Message History

Found 17 gold pieces and a pair of embroidered boots.
You barely miss Maggie.
Maggie hits you with a +2 war axe of flaming!
Maggie burns you.
Maggie mumbles some strange words.
Maggie attempts to bespell you! You resist with some effort.
You barely miss Maggie.
Maggie drinks a potion.
Maggie seems to grow stronger.
You hit Maggie.
Maggie is lightly wounded.
Maggie casts a spell.
Maggie attempts to bespell you!
You are mesmerised by Maggie!
You hit Maggie.
Maggie is lightly wounded.
Maggie hits you with a +2 war axe of flaming!
Maggie burns you.
You barely miss Maggie. You headbutt Maggie!
Maggie is moderately wounded.
Maggie hits you but does no damage.
You barely miss Maggie. Your headbutt misses Maggie.
Maggie is moderately wounded.
Maggie barely misses you. Maggie gestures at you while chanting.
The bolt of fire hits you!
You are too injured to fight recklessly!
You are too injured to fight recklessly!
You are too injured to fight recklessly!
You slash Maggie!
Maggie is heavily wounded.
You block Maggie's attack.
You completely miss Maggie.
Maggie is heavily wounded.
Maggie hits you with a +2 war axe of flaming!
Maggie burns you.
* * * LOW HITPOINT WARNING * * *
You barely miss Maggie.
Maggie is heavily wounded.
Maggie points at you and mumbles some strange words.
The bolt of fire hits you!!
You die...

#.##...∩...# #.##.#.#
#.##.#####.#########.##.#.####
##.##.#..[#...........##.#....#
##)##.#####.###.#######...###.#
...##.........................#
...##...##.####.#######...#####
........<..........# ##.##
...##..(##.####.##.# #.#
........##.# #.@# # #.#
.#####..##.# ##@# #.#
........##.## .5$ #.#
.######.##..# ..... #.# ..#
#.##))#....[.. #.# ..#
#.##..#...∩...####.# ..#
#.##..#.......#.##.# ..#
#.##..#.......##.#.#
..#####.##..# ##..#


You could see Maggie (mesmerising, strong) and a white imp.

Vanquished Creatures
  Menkaure (D:6)
  A water moccasin (D:6)
  A sky beast (D:6)
  2 black bears
  A centaur (D:5)
  3 scorpions
  A jelly (D:6)
  6 orc priests
  4 iguanas
  2 sleepcaps
  Ijyb (D:3)
  2 orc wizards
  Robin (D:4)
  8 adders
  6 gnolls
  A white imp (D:5)
  An ufetubus (D:5)
  A worm (D:2)
  A dart slug (D:4)
  12 orcs
  8 bats
  5 endoplasms
  5 giant cockroaches
  16 goblins
  16 hobgoblins
  7 jackals
  7 kobolds
  5 quokkas
  5 ball pythons
  2 frilled lizards (D:2)
  2 rats
134 creatures vanquished.

Notes
Turn   | Place    | Note
-------+----------+-------------------------------------------
     0 | D:1      | EarthwalkerPL the Minotaur Fighter began the quest for the
                  | Orb.
     0 | D:1      | Reached XP level 1. HP: 19/19 MP: 0/0
    13 | D:1      | Found a faded altar of an unknown god.
   128 | D:1      | Reached XP level 2. HP: 27/27 MP: 1/1
   401 | D:1      | Reached XP level 3. HP: 32/33 MP: 2/2
  1223 | D:2      | Reached XP level 4. HP: 36/41 MP: 3/3
  1360 | D:3      | Found Ivorhiett's Antique Weapon Shop.
  1433 | D:3      | Noticed Ijyb
  1455 | D:3      | Killed Ijyb
  1697 | D:3      | Reached XP level 5. HP: 47/47 MP: 4/4
  2039 | D:4      | Reached skill level 5 in Fighting
  2039 | D:4      | Reached skill level 5 in Armour
  2141 | D:4      | Noticed a black bear
  2145 | D:4      | Killed a black bear
  2146 | D:4      | Reached XP level 6. HP: 49/56 MP: 5/5
  2364 | D:4      | Found a staircase to the Ecumenical Temple.
  2373 | Temple   | Entered the Ecumenical Temple
  2552 | Temple   | Became a worshipper of Warmaster Okawaru
  2621 | D:4      | Noticed Robin
  2632 | D:4      | Killed Robin
  2745 | D:5      | Entered Level 5 of the Dungeon
  2753 | D:5      | Reached skill level 5 in Axes
  2776 | D:5      | Reached XP level 7. HP: 44/63 MP: 6/6
  2969 | D:5      | Reached * piety under Okawaru
  2977 | D:5      | Reached skill level 5 in Shields
  3467 | D:6      | Reached XP level 8. HP: 68/73 MP: 7/7
  3516 | D:6      | Noticed Menkaure
  3523 | D:6      | Killed Menkaure
  3556 | D:6      | Found Koconaott's Armour Boutique.
  3556 | D:6      | Noticed an animated plate armour
  3558 | D:6      | Noticed an animated shadow dragon scales
  3620 | D:6      | Reached ** piety under Okawaru
  4013 | D:6      | Found a hazy altar of Hepliaklqana.
  4104 | D:6      | Noticed Maggie
  4113 | D:6      | Killed from afar by Maggie

Illustrated notes

Levels and vault maps discovered:
D:1:      minmay_arrival_stair_chambers, layout_basic,
          hellmonk_ecumenical_altar_lost_god
D:2:      layout_basic
D:3:      kennysheep_goblin_castle, layout_rooms, serial_shops,
          nicolae_shop_statue_plus, dk_vineyard_1
D:4:      layout_cave_pools, minmay_temple_entry_glass, grunt_ministairs_11,
          nicolae_goblin_pals
D:5:      layout_basic
D:6:      layout_loops_ring, lemuel_coloured_pillars_altar, serial_shops,
          nicolae_shop_mannequins, kennysheep_flooded_box, uniq_menkaure,
          uniq_maggie
Temple:   kilobyte_greek_temple

Skill      XL: |  1  2  3  4  5  6  7  8 |
---------------+-------------------------+-----
Fighting       | 4 5 6 7 |  7.7
Armour         | 4 5 6 7 |  7.7
Axes           | 3 4 5 6 7 |  7.1
Shields        | 4 5 |  5.8

Action                     |  1- 3 |  4- 6 |  7- 9 || total
---------------------------+-------+-------+-------++-------
  Melee: War axe           |    71 |   124 |   126 ||   321
         Headbutt          |    15 |    15 |    14 ||    44
 Armour: Scale mail        |    29 |     8 |       ||    37
         Chain mail        |       |    76 |    67 ||   143
  Dodge: Dodged            |    43 |    60 |    46 ||   149
  Block: Buckler           |    14 |    38 |    26 ||    78
